 Dungeon Crawl Stone Soup version 0.30.1 (webtiles) character file.

Game seed: 15979976138343538642

18 Babbit the Conjurer (level 2, 0/22 HPs)
             Began as a Draconian Conjurer on July 9, 2023.
             Slain by a ball python (3 damage)
             ... on level 2 of the Dungeon.
             The game lasted 00:09:03 (764 turns).

Babbit the Conjurer (Draconian Conjurer)             Turns: 764, Time: 00:09:05

Health: 0/22       AC:  4    Str:  9    XL:     2   Next: 48%
Magic:  4/5        EV: 12    Int: 18    God:
Gold:   38         SH:  0    Dex:  9    Spells: 4/5 levels left

rFire   . . .        c - +1 dagger (freeze)
rCold   . . .        (no shield)
rNeg    . . .        (body armour unavailable)
rPois   .            (helmet restricted)
rElec   .            (no cloak)
rCorr   .            (no gloves)
SInv    .            (no boots)
Will    .....        (no amulet)
Stlth   ++           (no ring)
HPRegen 0.23/turn    (no ring)
MPRegen 0.09/turn

%: no passive effects
@: lethally poisoned (0 -> -2), slowed, very slow
A: AC +4, unfitting armour, cold-blooded
a: no special abilities


You were on level 2 of the Dungeon.
You visited 1 branch of the dungeon, and saw 2 of its levels.

You collected 38 gold pieces.

Inventory:

Hand Weapons
 c - a +1 dagger of freezing (weapon)
Scrolls
 b - a scroll of blinking {unknown}
 d - a scroll of vulnerability
 g - a scroll of noise {unknown}
Potions
 a - a potion of magic
 e - a potion of degeneration {unknown}
 f - 3 potions of attraction {unknown}
 h - a potion of cancellation {unknown}


   Skills:
 + Level 0.4 Fighting
 + Level 0.2 Short Blades
 + Level 2.0 Dodging
 + Level 1.7 Stealth
 + Level 2.1 Spellcasting
 + Level 4.4 Conjurations


You had 4 spell levels left.
You knew the following spells:

 Your Spells              Type           Power      Damage    Failure   Level
a - Magic Dart            Conj           68%        1d6       3%          1

Your spell library contained the following spells:

 Spells                   Type           Power      Damage    Failure   Level
 Searing Ray              Conj           34%        2d5       4%          2
 Dazzling Flash           Conj/Hex       18%        N/A       22%         3
 Fulminant Prism          Conj/Hex       4%         3d5       58%         4
 Iskenderun's Mystic Bla  Conj/Tloc      9%         2d4       58%         4


Dungeon Overview and Level Annotations

Branches:
Dungeon (2/15)

Altars:


Innate Abilities, Weirdness & Mutations

Your plain brown scales are hard. (AC +4)
You cannot fit into any form of body armour.
You are cold-blooded and may be slowed by cold attacks.


Message History

There is a faded altar of an unknown god here.
You now have 38 gold pieces (gained 10).
There is a faded altar of an unknown god here.
There is an escape hatch in the floor here.
You slide downwards.
The hatch slams shut behind you.
The kobold shouts!
The endoplasm quivers.
Found a bubbling sapphire potion.
Found an escape hatch in the ceiling and an escape hatch in the floor.
Casting: Magic Dart (safe; 3% risk of failure)
Confirm with . or Enter, or press ? or * to list all spells.
Aiming: Magic Dart (safe; 3% risk of failure)
Press: ? - help, Shift-Dir - straight line, f - goblin
Aim: a goblin, wielding a +0 club (100% to hit)
The magic dart hits the goblin.
The goblin is severely wounded.
The goblin misses you. The goblin attacks as you move away!
The goblin closely misses you.
Found a runed peridot ring.
The adder bites you.
You are poisoned.
The adder poisons you! The endoplasm freezes you.
You are frozen.
You feel yourself slow down.
You hit the hobgoblin but do no damage.
You feel sick. The adder bites you but does no damage.
The adder closely misses you. The goblin barely misses you.
The hobgoblin hits you but does no damage.
The endoplasm freezes you.
You are frozen.
The ball python closely misses you. x2
Casting: Magic Dart (safe; 3% risk of failure)
Confirm with . or Enter, or press ? or * to list all spells.
You don't know that spell.
You completely miss the hobgoblin.
You feel sick. The adder barely misses you. The endoplasm freezes you.
You are frozen.
* * * LOW HITPOINT WARNING * * *
You feel as though you will be slow longer.
The hobgoblin closely misses you. The kobold closely misses you.
The goblin hits you but does no damage. The ball python bites you.
You die...

############
##.....>.!..#
............#
=.....SSg...#
#....g@J...#
#....K.....#
############


You could see an adder, an endoplasm, a hobgoblin, a goblin, a ball python and a
kobold.

Vanquished Creatures
  3 ball pythons (D:1)
  2 bats (D:1)
  An endoplasm (D:1)
  A giant cockroach (D:1)
  3 hobgoblins (D:1)
  A quokka (D:1)
  A frilled lizard (D:1)
  3 goblins (D:1)
  A kobold (D:1)
16 creatures vanquished.

Notes
Turn   | Place    | Note
-------+----------+-------------------------------------------
     0 | D:1      | Babbit the Draconian Conjurer began the quest for the Orb.
     0 | D:1      | Reached XP level 1. HP: 14/14 MP: 3/3
   123 | D:1      | Reached XP level 2. HP: 18/22 MP: 0/5
   732 | D:1      | Found a faded altar of an unknown god.
   764 | D:2      | Slain by a ball python

Illustrated notes

Levels and vault maps discovered:
D:1:      roderic_crop_circles_arrival_small, layout_basic,
          ebering_ecumenical_altar_petrified, chequers_serial_rivers_large_b
D:2:      layout_rooms

Skill      XL: |  1  2 |
---------------+-------+-----
Dodging        | 2 |  2.0
Fighting       | |  0.4
Short Blades   | |  0.2
Stealth        | |  1.7
Spellcasting   | |  2.1
Conjurations   | |  4.4

Action                     || total
---------------------------++-------
  Melee: Unarmed           ||    13
         Dagger            ||    23
         Tailslap          ||     2
         Punch             ||     1
   Cast: Magic Dart        ||    25
    Use: Scroll            ||     2
 Armour: Skin              ||    13
  Dodge: Dodged            ||    30
